 Dungeon Sprint DCSS version 0.29-a0-384-g6960b1960d (webtiles) character file.

Game seed: 1153823297900821016

24 mhtbhm the Cudgeller (level 2, -9/46 HPs)
             Began as a Troll Berserker on May 7, 2022.
             Was a Priest of Trog.
             Mangled by a gnoll sergeant
             ... wielding a +2 vampiric trident
              (12 damage)
             ... in the Dungeon (Sprint VII: "The Pits").
             The game lasted 00:00:29 (139 turns).

mhtbhm the Cudgeller (Troll Berserker)               Turns: 139, Time: 00:00:30

Health: -9/46      AC:  4    Str: 24    XL:     2   Next: 79%
Magic:  1/1        EV: 10    Int:  3    God:    Trog [***...]
Gold:   0          SH:  0    Dex:  9    Spells: 1/1 levels left

rFire   . . .      SeeInvis .   a - +2 mace
rCold   . . .      Faith    .   (no shield)
rNeg    . . .      Spirit   .   b - +0 animal skin
rPois   .          Reflect  .   (helmet restricted)
rElec   .          Harm     .   (no cloak)
rCorr   .          Rampage  .   (gloves unavailable)
Will    .....      NoTele   +   (boots unavailable)
Stlth   ..........              (no amulet)
HPRegen 0.95/turn               (no ring)
MPRegen 0.07/turn               (no ring)

@: berserking, very quick
A: large, unfitting armour, claws 3, regeneration 1, shaggy fur 1, tough skin 1
a: Renounce Religion, Berserk, Trog's Hand


You were in the Dungeon.
You worshipped Trog.
Trog was most pleased with you.
You visited 1 branch

Inventory:

Hand Weapons
 a - a +2 mace (weapon)
Armour
 b - a +0 animal skin (worn)
Scrolls
 h - a scroll of blinking
 j - a scroll of summoning
Potions
 c - a potion of curing
 e - a potion of haste
 f - 4 potions of magic
 g - 3 potions of berserk rage
 i - 2 potions of invisibility


   Skills:
 + Level 3.6 Fighting
 + Level 4.0 Maces & Flails
 + Level 3.6 Dodging


You had one spell level left.
You didn't know any spells.
Your spell library was empty.

Dungeon Overview and Level Annotations

Branches:
Dungeon (1/1)

Altars:
Cheibriados
Dithmenos
Elyvilon
Fedhas
Gozag
Hepliaklqana
Makhleb
Nemelex Xobeh
Okawaru
Qazlal
Ru
Sif Muna
Trog
Wu Jian
Xom
Yredelemnul
Zin
The Shining One
Jiyva


Innate Abilities, Weirdness & Mutations

You are too large for most types of armour.
You have claws for hands.
Your natural rate of healing is unusually fast.
You are covered in fur. (AC +1)
You have tough skin. (AC +1)


Message History

You are too injured to fight recklessly!
Unknown command.
You hit the gnoll.
You kill the gnoll!
Trog accepts your kill.
The gnoll sergeant hits you from afar with a +2 vampiric trident.
* * * LOW HITPOINT WARNING * * *
The gnoll barely misses you.
Your Maces & Flails skill increases to level 4!
You feel much better. The gnoll hits you with a +0 club.
The gnoll sergeant hits you from afar with a +2 vampiric trident.
A red film seems to cover your vision as you go berserk!
You feel yourself moving faster!
You feel mighty! The gnoll hits you with a +0 club.
The gnoll sergeant hits you from afar with a +2 vampiric trident!
You are too injured to fight recklessly!
You are too injured to fight recklessly!
You are too injured to fight recklessly!
You are too injured to fight recklessly!
You are too injured to fight recklessly!
You are too injured to fight recklessly!
You are too injured to fight recklessly!
You are too injured to fight recklessly!
You are too injured to fight recklessly!
You are too injured to fight recklessly!
You are too injured to fight recklessly!
You sock the gnoll!
The gnoll is severely wounded.
The gnoll hits you with a +0 club! The gnoll sergeant barely misses you.
You completely miss the gnoll.
The gnoll is severely wounded.
The gnoll hits you with a +0 club.
* * * LOW HITPOINT WARNING * * *
The gnoll sergeant hits you from afar with a +2 vampiric trident!
* * * LOW HITPOINT WARNING * * *
You hit the gnoll.
You kill the gnoll!
Trog accepts your kill.
The gnoll sergeant hits you from afar with a +2 vampiric trident!
You die...

#.?(.))))'.##......#.
##########.##........
#...........'........
#+#####)#####......#.
#..#..# #........
#..†..# ####'####
#..#### #.......#
#..# #.......# #)@#
#.......# ##S#
#...<...#


gg. #.......# #..Z. #.......# ###### #.......# ######### You could see a gnoll
sergeant, a gnoll, a ball python and a ball python skeleton.

Vanquished Creatures
  3 gnolls (D)
  An endoplasm (D)
  A hobgoblin (D)
  A jackal skeleton (D)
  2 rats (D)
8 creatures vanquished.

Notes
Turn   | Place    | Note
-------+----------+-------------------------------------------
     0 | D        | mhtbhm the Troll Berserker began the quest for the Orb.
     0 | D        | Reached XP level 1. HP: 22/22 MP: 0/0
    21 | D        | Found a bloodstained altar of Trog.
    21 | D        | Found a shimmering blue altar of Sif Muna.
    21 | D        | Found a viscous altar of Jiyva.
    21 | D        | Found a hazy altar of Hepliaklqana.
    21 | D        | Found an opulent altar of Gozag.
    46 | D        | Found a glowing golden altar of the Shining One.
    46 | D        | Found a glowing silver altar of Zin.
    46 | D        | Found a basalt altar of Yredelemnul.
    46 | D        | Found a shimmering altar of Xom.
    46 | D        | Found an ornate altar of the Wu Jian Council.
    46 | D        | Found a sacrificial altar of Ru.
    46 | D        | Found a stormy altar of Qazlal.
    46 | D        | Found an iron altar of Okawaru.
    46 | D        | Found a sparkling altar of Nemelex Xobeh.
    46 | D        | Found a burning altar of Makhleb.
    46 | D        | Found a blossoming altar of Fedhas.
    46 | D        | Found a white marble altar of Elyvilon.
    46 | D        | Found a shadowy altar of Dithmenos.
    46 | D        | Found a snail-covered altar of Cheibriados.
    62 | D        | Reached skill level 3 in Maces & Flails
    63 | D        | Reached ** piety under Trog
    64 | D        | Reached XP level 2. HP: 24/31 MP: 1/1
   130 | D        | Noticed a gnoll sergeant
   134 | D        | Reached *** piety under Trog
   135 | D        | Reached skill level 4 in Maces & Flails
   138 | D        | HP: 2/46 [gnoll sergeant/+2 vampiric trident (7)]
   139 | D        | Mangled by a gnoll sergeant

Illustrated notes

Levels and vault maps discovered:
D:        pitsprint [storerooms_1, entrance_room_1, metal_vault_5, armoury_2,
          mini_pit_1, grid_room_1, main_hall_1, silver_pit, the_coven_1,
          the_vestibule_1, steel_vault_3, golden_pit, hallway_of_sentries,
          crystal_vault_4, iron_vault_1, final_vault]

Skill      XL: |  1  2 |
---------------+-------+-----
Maces & Flails | 3 4 |  4.0
Fighting       | 3 |  3.6
Dodging        | 3 |  3.6

Action                   || total
-------------------------++-------
Melee: Mace              ||    27
Invok: Berserk           ||     2
  Use: Potion            ||     1
Armor: Animal skin       ||     2
Dodge: Dodged            ||    22

Table legend: (Time is in decaauts)
 A = Elapsed time spent in this place.
 B = Non-inter-level travel time spent in this place.
 C = Inter-level travel time spent in this place.
 D = Time resting spent in this place.
 E = Time spent auto-exploring this place.
 F = Levels seen in this place.
 G = Mean time per level.
                   A        B        C        D        E       F      G
               +--------+--------+--------+--------+--------+-----+--------+
         Total |    156 |    156 |      0 |     60 |      3 |   1 |  156.0 |
       Dungeon |    156 |    156 |      0 |     60 |      3 |   1 |  156.0 |
               +--------+--------+--------+--------+--------+-----+--------+

Top non-repeatable levels by time:
       D: 156 daAuts
